Map: Cyber Forest LE

Players

JDSXqqq - Winner!

  • Race: Protoss Protoss
  • League: Platinum
  • Spawn Location: 5:00

Smeeeger

  • Race: Zerg Zerg
  • League: Platinum
  • Spawn Location: 11:00

VOD

Have the link to the VOD?

Description

Time

  • Played on: July 18, 2019, 8:58 a.m.
  • Length: 8:13
Show
View Real Time Build Order
Export as new Build Order

JDSXqqq Protoss - Winner!

Build Orders: 1 Gate Expand, Chargelot Immortal 

Get SALT Encoding   

  12  0:00  Probe  
  13  0:09  Probe  
  14  0:21  Probe, Pylon  
  15  0:39  Gateway, Probe  
  16  0:51  Probe, Assimilator  
  17  1:03  Probe  
  18  1:15  Probe  
  19  1:27  Probe  
  20  1:33  Nexus  
  20  1:39  Probe  
  21  1:46  Cybernetics Core  
  21  1:51  Probe  
  22  1:54  Assimilator  
  22  2:00  Pylon  
  22  2:04  Probe  
  23  2:14  Adept  
  23  2:18  Probe  
  24  2:24  Warp Gate  
  26  2:31  Probe  
  27  2:38  Robotics Facility  
  27  2:42  Adept  
  27  2:43  Probe  
  30  2:48  Probe  
  31  2:55  Probe  
  32  3:00  Probe  
  33  3:07  Probe  
  34  3:13  Probe  
  35  3:20  Immortal  
  35  3:26  Stalker  
  35  3:28  Probe  
  35  3:29  Probe  
  39  3:37  Probe  
  39  3:40  Probe  
  43  3:47  Probe  
  43  3:48  Pylon  
  43  3:53  Probe  
  45  3:58  Immortal, Twilight Council  
  45  4:06  Pylon  
  49  4:10  Gateway  
  49  4:13  Gateway  
  49  4:17  Gateway  
  49  4:19  Probe  
  49  4:20  Probe  
  51  4:24  Assimilator  
  51  4:31  Probe  
  51  4:32  Probe  
  51  4:33  Gateway  
  51  4:35  Immortal  
  53  4:43  Probe  
  53  4:45  Charge  
  58  4:46  Probe  
  58  4:51  Pylon  
  59  4:58  Probe  
  59  4:59  Probe  
  61  5:05  Warp Prism  
  61  5:12  Pylon  
  61  5:20  Pylon  
  63  5:22  Sentry x3  
  69  5:48  Zealot  
  69  5:49  Zealot x3  
  77  5:50  Zealot  
  77  5:56  Immortal  
  83  6:00  Nexus  
  83  6:01  Probe  
  83  6:02  Probe  
  85  6:23  Pylon  
  85  6:24  Pylon  
  83  6:43  Zealot x2  
  83  6:44  Zealot  
  83  6:45  Zealot x2  
  93  6:49  Immortal  
  83  7:09  Zealot x2  
  83  7:10  Zealot x3  
  89  7:17  Probe  
  89  7:19  Gateway  
  89  7:21  Gateway  
  88  7:25  Probe, Pylon  
  89  7:31  Stalker  
  89  7:32  Stalker x2  
  89  7:33  Zealot x2  
  101  7:55  Zealot x3  
  101  7:56  Zealot x2  
Show
View Real Time Build Order
Export as new Build Order

Smeeeger Zerg 

Build Orders: Hatch First 

Get SALT Encoding   

  12  0:01  Drone  
  13  0:15  Overlord  
  13  0:21  Drone  
  14  0:34  Drone x2  
  16  0:51  Drone x2  
  18  1:08  Drone, Extractor  
  18  1:10  Hatchery  
  17  1:13  Drone  
  18  1:21  Spawning Pool  
  17  1:28  Drone  
  18  1:34  Drone  
  19  1:42  Overlord  
  19  2:08  Queen  
  19  2:10  Zergling x4  
  23  2:18  Metabolic Boost  
  23  2:29  Hatchery, Queen  
  24  2:36  Drone x3  
  27  2:40  Drone  
  28  2:44  Drone  
  28  2:45  Drone  
  28  2:48  Drone  
  31  3:01  Drone x2  
  31  3:04  Queen  
  34  3:33  Drone x2  
  36  3:34  Overlord x2  
  36  3:41  Queen  
  38  3:50  Drone  
  38  3:51  Drone x3, Overlord, Baneling Nest  
  38  3:52  Overlord  
  41  4:00  Overlord  
  41  4:02  Overlord  
  41  4:12  Drone  
  41  4:13  Drone x3  
  41  4:14  Overlord x2  
  45  4:25  Drone x2  
  45  4:26  Drone x2  
  45  4:27  Evolution Chamber x2  
  45  4:31  Overlord, Extractor  
  47  4:32  Drone x2, Extractor  
  47  4:33  Drone  
  48  4:41  Drone  
  48  4:42  Overlord  
  48  4:43  Zergling x6  
  52  4:54  Zerg Melee Weapons Level 1  
  52  4:57  Zergling x12  
  58  5:02  Drone  
  59  5:08  Drone x3  
  62  5:14  Zergling x2  
  62  5:15  Zergling x8  
  62  5:21  Drone x4  
  71  5:29  Lair  
  71  5:30  Spore Crawler  
  71  5:32  Spore Crawler  
  71  5:34  Spore Crawler  
  71  5:35  Drone x3  
  71  5:42  Zerg Ground Armor Level 1  
  71  5:44  Drone x2  
  71  5:45  Drone  
  74  5:58  Drone x3  
  74  6:04  Zergling x8  
  78  6:06  Baneling x2  
  78  6:07  Baneling x4  
  81  6:11  Hatchery  
  81  6:15  Drone x2  
  81  6:16  Spore Crawler  
  81  6:20  Drone  
  81  6:22  Drone x2  
  80  6:38  Zergling x20  
  80  6:39  Zergling x4  
  83  6:43  Zergling x8  
  81  6:47  Zergling x2  
  81  6:50  Zergling x6  
  81  6:53  Zergling x4  
  87  6:59  Zergling x2  
  80  7:01  Lair  
  71  7:11  Zergling x2  
  71  7:12  Zergling x4  
  65  7:16  Zergling x4  
  65  7:28  Zergling x12  
  71  7:33  Baneling x3  
  71  7:34  Baneling x3  
  71  7:35  Zergling x12  
  74  7:49  Zergling x2  
  74  7:50  Zergling x8  
Tags
 
Add a new tag
Caveats
  • Supply blocks, unpowered buildings, or Contaminate may cause inaccurate times.
  • Supply counts are checked every 10 seconds.